Cogmind - Beta 10.1 @@@ ROGUE MODE // 2020.10.09 @ 17:59:59 Player: NoNeedToExplain Result: Escaped! Performance ------------- Evolutions (9) 4500 Regions Visited (25) 5000 Robots Destroyed (123) 615 Value Destroyed (12469) 12469 Prototype IDs (18) 360 Alien Tech Used (0) 0 Bonus (17060) 17060 TOTAL SCORE: 40004 Bonus ------- High Alert Combat Kills 166 Follower Combat Kills 7292 Entered Garrisons 2200 Used RIF Installer 5000 Win 3000 Friendly Fire -598 Cogmind --------- Core Integrity 1591/1600 Matter 230/300 Energy 673/690 System Corruption 1% Temperature Cool (0) Movement Rolling (170) Ox8 Location To Epsilon Eridani Parts ------- > --- POWER (1) -------- Light Quantum Reactor > --- PROPULSION (2) --- Armored Wheel Armored Wheel > --- UTILITY (20) ----- Advanced Cooling System Advanced Coolant Injector High-capacity Storage Unit High-capacity Storage Unit High-capacity Storage Unit High-capacity Storage Unit Energy Well Experimental Signal Interpreter Advanced Phase Shifter Experimental Core Shielding Centrium Medium Armor Plating Centrium Medium Armor Plating Centrium Medium Armor Plating Centrium Medium Armor Plating Centrium Medium Armor Plating Relay Coupler [C] (12) Relay Coupler [Sentry] (21) Relay Coupler [Demolisher] (16) Relay Coupler [Hunter] (1) Relay Coupler [Behemoth] (1) > --- WEAPON (2) ------- Nova Cannon Force Lance > --- INVENTORY (36) --- Light Quantum Reactor Enhanced Armored Medium Treads Enhanced Armored Medium Treads Armored Heavy Treads Compact Wheel Armored Wheel Cooled Linear Gravjet Cooled Linear Gravjet Medium Storage Unit Large Storage Unit Experimental Matter Compressor (500) Quantum Capacitor Microactuators Advanced Phase Shifter Experimental Core Shielding Relay Coupler [NC] (37) Relay Coupler [NC] (37) Relay Coupler [NC] (43) Relay Coupler [NC] (35) Relay Coupler [C] (57) Relay Coupler [C] (41) Relay Coupler [Demolisher] (32) Phase Gun Railgun Railgun Advanced Datajack Advanced Remote Datajack Advanced Remote Datajack Advanced Remote Datajack Force Lance Force Lance Peak State ------------ > --- POWER ------------ Light Quantum Reactor > --- PROPULSION ------- Armored Wheel Armored Wheel > --- UTILITY ---------- Advanced Cooling System Advanced Coolant Injector High-capacity Storage Unit High-capacity Storage Unit High-capacity Storage Unit High-capacity Storage Unit Energy Well Experimental Signal Interpreter Advanced Phase Shifter Experimental Core Shielding Centrium Medium Armor Plating Centrium Medium Armor Plating Centrium Medium Armor Plating Centrium Medium Armor Plating Centrium Medium Armor Plating Relay Coupler [C] Relay Coupler [Sentry] Relay Coupler [Demolisher] Relay Coupler [Hunter] Relay Coupler [Behemoth] > --- WEAPON ----------- Advanced Remote Datajack Force Lance > --- INVENTORY -------- Light Quantum Reactor Enhanced Armored Medium Treads Enhanced Armored Medium Treads Armored Heavy Treads Compact Wheel Armored Wheel Cooled Linear Gravjet Cooled Linear Gravjet Medium Storage Unit Large Storage Unit Experimental Matter Compressor Quantum Capacitor Microactuators Advanced Phase Shifter Experimental Core Shielding Relay Coupler [NC] Relay Coupler [NC] Relay Coupler [NC] Relay Coupler [NC] Relay Coupler [C] Relay Coupler [C] Relay Coupler [Demolisher] Phase Gun Nova Cannon Railgun Railgun Advanced Datajack Advanced Remote Datajack Advanced Remote Datajack Force Lance Force Lance [Rating: 168] Favorites ----------- Power Light Antimatter Reactor Engine Light Angular Momentum Engine Power Core Micro Nuclear Core Reactor Light Antimatter Reactor Propulsion Armored Wheel Wheel Armored Wheel Utility High-capacity Storage Unit Device Advanced Heat Sink Storage High-capacity Storage Unit Processor Experimental Signal Interpreter Hackware Relay Coupler [Sentry] Protection Centrium Medium Armor Plating Weapon Remote Datajack Energy Gun Improved Heavy Laser Energy Cannon Improved EM Pulse Cannon Ballistic Gun Improved Assault Rifle Ballistic Cannon Hardcell Cannon Launcher Grenade Launcher Special Weapon Remote Datajack Piercing Weapon Force Lance Special Melee Weapon Improved Datajack Build | -11 -10 -9 -8 -8 -8 -8 -7 -7 -7 -7 -6 -6 -5 -5 -5 -5 -4 -4 -4 -4 -3 -3 -2 -2 -1 ------- Run | Scr Mat Mat Mat Gar Mat Gar Fac Gar Fac Gar Fac Gar Fac Gar Fac Gar Fac Gar Fac Gar Res Gar Res Gar Acc Slots Evolved 18 | . . 2 2 . . . 2 . . . 2 . 2 . . . 2 . . . 2 . 2 . 2 Power . | . . . . . . . . . . . . . . . . . . . . . . . . . . Propulsion . | . . . . . . . . . . . . . . . . . . . . . . . . . . Utility 18 | . . 2 2 . . . 2 . . . 2 . 2 . . . 2 . . . 2 . 2 . 2 Weapon . | . . . . . . . . . . . . . . . . . . . . . . . . . . Parts Attached 320 | 6 4 9 10 17 11 27 29 11 3 9 18 2 4 5 5 12 7 31 3 8 21 19 10 24 15 Power 20 | 1 . 1 1 . 2 . 1 1 . 1 . . 1 . . 2 1 2 . 1 2 1 . 2 . Engine 6 | 1 . 1 1 . 1 . . 1 . . . . 1 . . . . . . . . . . . . Core 6 | . . . . . 1 . 1 . . 1 . . . . . 1 1 . . . 1 . . . . Reactor 8 | . . . . . . . . . . . . . . . . 1 . 2 . 1 1 1 . 2 . Propulsion 26 | 2 . 3 3 1 1 4 2 2 1 . . . . . . . . 1 . . 2 2 1 1 . Treads . | . . . . . . . . . . . . . . . . . . . . . . . . . . Leg . | . . . . . . . . . . . . . . . . . . . . . . . . . . Wheel 26 | 2 . 3 3 1 1 4 2 2 1 . . . . . . . . 1 . . 2 2 1 1 . Hover . | . . . . . . . . . . . . . . . . . . . . . . . . . . Flight . | . . . . . . . . . . . . . . . . . . . . . . . . . . Utility 132 | 1 2 3 5 4 2 7 13 3 . 4 11 1 3 5 2 4 4 12 3 3 11 6 4 10 9 Device 28 | . . 1 1 1 . . 1 . . . 2 . . . 1 1 . 8 1 . 3 1 3 2 2 Storage 7 | 1 2 . . 1 . 1 . . . . . . . . . . . . 1 . 1 . . . . Processor 4 | . . . 3 . . . . . . . . . . . . . . . . . . . 1 . . Hackware 52 | . . . . 1 1 5 6 3 . 3 6 1 1 4 . 1 2 2 1 . 5 3 . 3 4 Protection 41 | . . 2 1 1 1 1 6 . . 1 3 . 2 1 1 2 2 2 . 3 2 2 . 5 3 Artifact . | . . . . . . . . . . . . . . . . . . . . . . . . . . Weapon 142 | 2 2 2 1 12 6 16 13 5 2 4 7 1 . . 3 6 2 16 . 4 6 10 5 11 6 Energy Gun 29 | 1 1 . . 3 1 7 4 2 . 1 . 1 . . 2 1 . 2 . . 1 . 1 1 . Energy Cannon 10 | . . 1 1 4 . . . . . 1 2 . . . . . . . . . . . . . 1 Ballistic Gun 24 | 1 . . . 1 3 3 5 1 . . 2 . . . . . . 2 . . 1 2 2 1 . Ballistic Cannon 10 | . . 1 . . . . . . . . . . . . . 2 . 4 . 1 . 2 . . . Launcher 9 | . . . . 3 . 1 . . 1 1 . . . . 1 . 1 1 . . . . . . . Special Weapon 30 | . 1 . . . . . 2 2 1 1 2 . . . . 3 1 6 . 2 1 2 2 2 2 Impact Weapon . | . . . . . . . . . . . . . . . . . . . . . . . . . . Slashing Weapon . | . . . . . . . . . . . . . . . . . . . . . . . . . . Piercing Weapon 14 | . . . . . . . . . . . . . . . . . . . . . 3 4 . 4 3 Special Melee Weapon 16 | . . . . 1 2 5 2 . . . 1 . . . . . . 1 . 1 . . . 3 . Unidentified Prototypes 2 | . . . . . 2 . . . . . . . . . . . . . . . . . . . . Parts Lost 65 | . . 4 3 4 1 7 6 . . 1 . . . . 1 1 1 16 . 3 5 2 2 7 1 Power 9 | . . 1 1 . 1 . . . . . . . . . . . 1 2 . 1 1 . . 1 . Propulsion 9 | . . 2 1 . . 1 1 . . . . . . . . . . 1 . . . 1 1 1 . Utility 26 | . . . 1 1 . 1 2 . . . . . . . . 1 . 10 . 1 3 1 . 4 1 Weapon 21 | . . 1 . 3 . 5 3 . . 1 . . . . 1 . . 3 . 1 1 . 1 1 . Highest Loss Streak 5 | . . 3 2 3 1 2 2 . . 1 . . . . 1 1 1 5 . 2 3 1 1 5 1 Average Slot Usage (%) 93 | . 100 99 99 99 99 99 97 100 95 91 86 93 91 84 88 86 87 82 92 88 87 99 98 96 98 Engine 3 | . 14 10 9 9 7 9 1 5 7 2 . . 1 5 5 2 . . . . . . . . . Core 1 | . . . . . 1 . 5 1 . 4 6 6 3 . . 1 . 1 . . 1 . . . . Reactor 1 | . . . . . . . . . . . . . . . . 1 4 3 5 5 2 4 4 4 4 Wheel 10 | . 28 21 17 18 18 17 14 15 10 7 6 6 5 5 5 5 5 5 5 5 4 8 8 8 8 Device 7 | . . 11 18 8 5 . 1 . . . 1 6 5 5 5 5 10 18 29 15 12 5 11 6 11 Storage 24 | . 28 22 18 22 27 35 30 30 30 30 26 26 23 23 23 23 21 21 21 21 21 23 21 21 20 Processor 1 | . . . 9 13 9 1 . . . . . . . . . . . . . . . . 3 4 4 Hackware 17 | . . . . . 2 7 18 22 23 18 25 26 29 24 23 21 27 16 20 19 22 26 26 21 20 Protection 9 | . . 11 9 9 10 9 7 7 7 10 6 6 8 5 11 10 6 4 . 11 11 18 13 19 22 Energy Gun 3 | . 13 7 . 6 9 5 3 4 7 2 . 3 5 5 4 5 5 2 . . . . 1 1 . Ballistic Gun 3 | . 14 11 9 2 8 9 8 4 . . 3 2 . . . . . 2 5 1 . 1 . . . Special Weapon 2 | . . . . . . . 1 4 6 6 4 6 5 5 4 1 4 2 5 3 2 1 3 1 3 Naked Turns . | . . . . . . . . . . . . . . . . . . . . . . . . . . Heaviest Build 211 | 10 71 86 87 119 127 150 165 155 152 159 166 151 166 173 175 182 179 185 163 186 189 189 182 211 208 Greatest Support 28 | 20 20 20 20 24 24 24 24 24 28 28 28 28 28 28 28 28 28 28 28 28 28 24 24 24 24 Greatest Overweight (x) 12 | 1 3 4 4 4 5 6 12 6 6 5 5 5 5 6 6 6 6 6 5 6 7 7 7 8 8 Average Overweight (x) 5 | . 2 3 3 3 4 5 6 6 5 5 5 5 5 5 6 6 5 5 5 6 6 7 7 7 8 Largest Inventory Capacity 36 | 6 20 20 20 28 28 36 36 36 36 36 36 36 36 36 36 36 36 36 36 36 36 36 36 36 36 Average Capacity 33 | 5 19 20 20 24 28 35 36 36 36 36 36 36 36 36 36 36 36 36 36 36 36 36 36 36 36 Most Carried 36 | 6 20 20 20 28 28 36 36 36 36 36 36 36 36 36 36 36 35 36 36 36 36 36 36 36 36 Average Carried 32 | 3 15 19 19 21 27 34 35 35 35 34 34 35 35 32 35 35 33 33 34 34 35 35 35 34 34 Final Capacity 36 | 6 20 20 20 28 28 36 36 36 36 36 36 36 36 36 36 36 36 36 36 36 36 36 36 36 36 Final Carried 36 | 6 20 20 20 28 28 36 36 36 36 36 33 36 36 36 36 36 31 36 35 36 36 36 35 36 33 Class Distribution -------------------- 65% | Botlord-Mutant 21% | Bothacker-Mutant 12% | Hauler-Mutant Dominant Class ---------------- Hauler-Mutant | -10/Materials Hauler-Mutant | -9/Materials Hauler-Mutant | -8/Materials Bothacker-Mutant | -8/Garrison Bothacker-Mutant | -8/Materials Bothacker-Mutant | -8/Garrison Bothacker-Mutant | -7/Factory Bothacker-Mutant | -7/Garrison Bothacker-Mutant | -7/Factory Botlord-Mutant | -7/Garrison Botlord-Mutant | -6/Factory Botlord-Mutant | -6/Garrison Botlord-Mutant | -5/Factory Botlord-Mutant | -5/Garrison Botlord-Mutant | -5/Factory Botlord-Mutant | -5/Garrison Botlord-Mutant | -4/Factory Botlord-Mutant | -4/Garrison Botlord-Mutant | -4/Factory Botlord-Mutant | -4/Garrison Botlord-Mutant | -3/Research Botlord-Mutant | -3/Garrison Botlord-Mutant | -2/Research Botlord-Mutant | -2/Garrison Botlord-Mutant | -1/Access Resources | -11 -10 -9 -8 -8 -8 -8 -7 -7 -7 -7 -6 -6 -5 -5 -5 -5 -4 -4 -4 -4 -3 -3 -2 -2 -1 ----------- Run | Scr Mat Mat Mat Gar Mat Gar Fac Gar Fac Gar Fac Gar Fac Gar Fac Gar Fac Gar Fac Gar Res Gar Res Gar Acc Matter Collected 8683 | 266 104 248 88 311 140 790 370 289 55 175 200 200 113 165 23 583 155 1111 135 262 332 682 883 464 539 Remotely 175 | . . . . . . . . . . . . . . . . . . . . . 135 40 . . . Salvage Created 7127 | 75 288 688 171 891 398 893 348 224 . 30 138 . . 57 54 131 112 785 88 . 542 800 . 369 45 Parts 340 | . 22 48 11 43 19 49 24 6 . 1 9 . . 2 3 6 2 17 3 . 28 26 . 21 . Haulers Intercepted 7 | . 2 3 . . 2 . . . . . . . . . . . . . . . . . . . . Recyclers Shooed 4 | . 1 1 . . . . 1 . . . . . . . . . . . . . 1 . . . . Parts Field Recycled . | . . . . . . . . . . . . . . . . . . . . . . . . . . Retrieved Matter . | . . . . . . . . . . . . . . . . . . . . . . . . . . Parts Self-Destructed . | . . . . . . . . . . . . . . . . . . . . . . . . . . Prevented . | . . . . . . . . . . . . . . . . . . . . . . . . . . Kills | -11 -10 -9 -8 -8 -8 -8 -7 -7 -7 -7 -6 -6 -5 -5 -5 -5 -4 -4 -4 -4 -3 -3 -2 -2 -1 ------- Run | Scr Mat Mat Mat Gar Mat Gar Fac Gar Fac Gar Fac Gar Fac Gar Fac Gar Fac Gar Fac Gar Res Gar Res Gar Acc Combat Hostiles Destroyed 100 | . 5 9 5 15 5 17 8 . . 1 3 . . . . 2 2 11 1 . 5 6 . 4 1 Melee 10 | . . . . . . . . . . . . . . . . . . . . . 3 4 . 2 1 Guns 58 | . 5 5 2 7 4 13 8 . . . 2 . . . . 1 2 4 1 . 2 1 . 1 . Cannons 19 | . . 4 3 5 . . . . . 1 1 . . . . 1 . 3 . . . 1 . . . AOE 10 | . . . . 3 . 4 . . . . . . . . . . . 3 . . . . . . . Classes Destroyed 15 | 1 4 4 1 2 . . 1 . . . . . . . 1 . . . . . . . . 1 . Worker 2 | . 1 1 . . . . . . . . . . . . . . . . . . . . . . . Builder 2 | . . 1 . . . . . . . . . . . . . . . . . . 1 . . . . Hauler 7 | . 2 3 . . 2 . . . . . . . . . . . . . . . . . . . . Recycler 6 | 1 1 3 . . . . . . . . . . . . . . . . . . 1 . . . . Operator 1 | . . 1 . . . . . . . . . . . . . . . . . . . . . . . Watcher 3 | . . 2 . . . . 1 . . . . . . . . . . . . . . . . . . Swarmer 29 | . 4 7 3 2 . 8 2 . . 1 . . . . . . . . . . . 2 . . . Grunt 33 | . 1 1 . 6 3 6 3 . . . . . . 1 . 2 1 9 . . . . . . . Brawler 4 | . . . . 1 1 . . . . . 1 . . . . . . . . . . . . 1 . Duelist 2 | . . 1 . . . . . . . . . . . . . . . . . . . . . 1 . Sentry 15 | . . . 2 3 1 3 . . . . . . . . . . . 2 1 . 1 2 . . . Specialist 2 | . . . . . . . . . . . . . . . 1 . . . . . . 1 . . . Hunter 7 | . . . . 3 . . 1 . . . . . . . . . . . . . 2 1 . . . Programmer 8 | . . . . . . . 2 . . . 2 . . . . . 1 . . . 2 . . 1 . Behemoth 2 | . . . . . . . . . . . . . . . . . . . . . . . . 1 1 Best Kill Streak 7 | 1 2 7 3 3 3 6 2 . . 1 1 . . . . 1 1 5 1 . 2 1 . 1 1 Combat Bots Only 6 | . 2 4 3 3 2 6 2 . . 1 1 . . . . 1 1 5 1 . 1 1 . 1 1 Max Kills in Single Turn 3 | 1 1 3 1 2 1 3 1 . . 1 1 . . 1 1 1 1 1 1 . 2 1 . 1 1 Gunslinging 1 | . . . . . . 1 . . . . . . . . . . . . . . . . . . . Exploded 3 | . . . . 1 . 3 . . . . . . . . . . . 1 . . . . . . . Melee 1 | . . . . . . . . . . . . . . . . . . . . . 1 1 . 1 1 Uniques/NPCs Destroyed . | . . . . . . . . . . . . . . . . . . . . . . . . . . Combat | -11 -10 -9 -8 -8 -8 -8 -7 -7 -7 -7 -6 -6 -5 -5 -5 -5 -4 -4 -4 -4 -3 -3 -2 -2 -1 -------- Run | Scr Mat Mat Mat Gar Mat Gar Fac Gar Fac Gar Fac Gar Fac Gar Fac Gar Fac Gar Fac Gar Res Gar Res Gar Acc Damage Taken 15201 | . 147 544 286 693 375 1215 1030 206 . 295 427 99 18 159 118 507 490 2832 123 401 1060 1455 344 1753 624 Core 1388 | . 6 74 . 132 63 204 89 14 . 12 99 34 . 10 41 . 36 299 15 19 23 65 24 120 9 Absorbed by Shields 423 | . . . . . . . . . . . . . . . . . . 45 . 11 . 28 . 339 . Core Remaining (%) 83 | 100 97 81 . . . 27 . . . 83 . 84 . . . 94 . . . 67 . 93 . 90 99 Volleys Fired 938 | 2 29 59 16 52 23 114 53 36 2 26 25 21 1 31 3 81 32 119 21 33 22 35 26 31 45 Largest 2 | 2 2 2 2 2 2 2 2 2 1 1 2 1 1 1 1 2 2 2 1 2 2 2 2 2 1 Hottest 153 | 60 100 76 76 118 76 95 108 91 63 69 120 65 30 65 30 138 111 140 35 100 153 92 129 129 113 Shots Fired 1343 | 4 55 105 32 93 46 218 81 37 2 26 29 21 1 31 3 94 33 189 21 35 36 36 31 39 45 Gun 787 | 4 54 74 16 66 46 216 70 21 1 2 10 4 . 5 . 24 5 98 6 7 23 7 11 17 . Cannon 198 | . . 31 16 21 . . . . . 7 5 . . . . 48 . 46 . 11 5 3 . . 5 Launcher 16 | . . . . 6 . 2 . . 1 . . . . . 1 . 1 5 . . . . . . . Special 342 | . 1 . . . . . 11 16 . 17 14 17 1 26 2 22 27 40 15 17 8 26 20 22 40 Kinetic 563 | 2 28 51 16 17 23 163 43 4 . . 10 2 . . . 48 . 94 6 18 14 10 6 8 . Thermal 294 | 2 27 28 . 34 10 52 10 4 1 2 5 2 . 5 . 24 5 50 . . 14 . 5 9 5 Explosive 16 | . . . . 6 . 2 . . 1 . . . . . 1 . 1 5 . . . . . . . Electromagnetic 129 | . . 26 16 36 13 1 17 13 . 7 . . . . . . . . . . . . . . . Robot Hit Streak 26 | 3 5 14 5 13 18 26 11 13 . 5 6 4 4 7 1 24 6 13 6 10 8 8 9 8 14 Robot Miss Streak 6 | 1 2 6 2 3 2 4 5 2 1 3 2 2 . 2 3 3 3 2 4 1 4 2 2 1 2 Penetration Max 1 | . . . . . . . . . . . . . . . . . . . 1 . . . . . . Secondary Targets 3 | . . . . . 1 2 . . . . . . . . . . . . . . . . . . . Max Gunslinging Chain 1 | . . . . . 1 1 . . . . . . . . . . . . . . . . . . . Shots Hit Robots 1013 | 3 33 65 18 65 42 178 62 23 . 14 22 10 1 20 1 71 19 140 13 23 32 52 24 44 38 Core Hits 321 | 2 13 26 7 42 16 69 18 6 . 1 5 . . 1 4 14 2 55 1 2 13 15 1 6 2 Critical Hits 24 | . . . . . 1 3 . . . . . . . . . 5 . 9 . . 1 5 . . . Critical Kills 5 | . . . . . . 1 . . . . . . . . . . . 1 . . 1 2 . . . Critical Parts Destroyed 18 | . . . . . 1 2 . . . . . . . . . 5 . 7 . . . 3 . . . Melee Attacks 118 | . . . . 3 3 14 5 . . . 2 . . . . . . 5 . 3 13 35 3 23 9 Impact . | . . . . . . . . . . . . . . . . . . . . . . . . . . Slashing . | . . . . . . . . . . . . . . . . . . . . . . . . . . Piercing 78 | . . . . . . . . . . . . . . . . . . . . . 13 35 3 18 9 Sneak Attacks 15 | . . . . . . . . . . . 2 . . . . . . 5 . 1 3 . 3 1 . Combat Hostiles 3 | . . . . . . . . . . . . . . . . . . . . 1 . . 2 . . Follow-up Attacks 5 | . . . . . . . . . . . . . . . . . . . . . 2 2 . 1 . Damage Inflicted 17044 | 37 387 1246 276 1471 680 2029 859 239 . 51 272 . . 25 37 1153 120 3198 188 275 1107 1932 500 740 222 Guns 8691 | 37 387 538 68 730 680 1737 859 239 . . 196 . . 25 . 311 100 1369 188 86 360 132 227 422 . Cannons 3387 | . . 534 208 260 . . . . . 51 76 . . . . 842 . 1157 . 189 . 70 . . . Explosions 1676 | . . 174 . 481 . 292 . . . . . . . . 37 . 20 672 . . . . . . . Melee 3290 | . . . . . . . . . . . . . . . . . . . . . 747 1730 273 318 222 Ramming . | . . . . . . . . . . . . . . . . . . . . . . . . . . Kinetic 6451 | 25 202 336 68 173 251 1166 452 13 . . 196 . . . . 842 . 1627 188 275 123 202 103 209 . Thermal 4028 | 12 185 450 . 519 130 559 171 17 . . 76 . . 25 . 311 100 899 . . 237 . 124 213 . Explosive 1310 | . . . . 289 . 292 . . . . . . . . 37 . 20 672 . . . . . . . Electromagnetic 1965 | . . 460 208 490 299 12 236 209 . 51 . . . . . . . . . . . . . . . Impact . | . . . . . . . . . . . . . . . . . . . . . . . . . . Slashing . | . . . . . . . . . . . . . . . . . . . . . . . . . . Piercing 3290 | . . . . . . . . . . . . . . . . . . . . . 747 1730 273 318 222 Highest Corruption 7 | . . 1 . . . . 2 2 2 2 4 4 . . . . . . . . 4 4 2 7 1 Average Corruption 2 | . . 1 . . . . 1 2 2 2 2 4 . . . . . . . . 3 4 1 6 1 Corruption Purged . | . . . . . . . . . . . . . . . . . . . . . . . . . . Effects 101 | . . 3 . . . . 2 5 3 4 7 16 . . . . . . . . 2 20 3 33 3 Message Errors 36 | . . 1 . . . . 1 2 2 2 1 6 . . . . . . . . . 9 1 9 2 Matter Fused 20 | . . . . . . . . . . . . 8 . . . . . . . . 2 6 . 4 . Heat Flow Errors 13 | . . . . . . . 1 . . 2 2 . . . . . . . . . . . 2 6 . Energy Discharges 11 | . . 1 . . . . . 2 . . . 2 . . . . . . . . . 2 . 3 1 Parts Rejected 1 | . . . . . . . . . . . . . . . . . . . . . . . . 1 . Data Loss (minor) 12 | . . . . . . . . 1 1 . 3 . . . . . . . . . . 2 . 5 . Data Loss (major) 3 | . . . . . . . . . . . . . . . . . . . . . . . . 3 . Targeting Errors 5 | . . 1 . . . . . . . . 1 . . . . . . . . . . 1 . 2 . Overload Shots . | . . . . . . . . . . . . . . . . . . . . . . . . . . Overflow Damage 416 | . . 14 . 14 . 3 . . . . . . . . . 23 . 11 . 19 84 104 124 11 9 Projectiles 67 | . . 14 . . . . . . . . . . . . . 23 . 11 . 19 . . . . . Explosions 17 | . . . . 14 . 3 . . . . . . . . . . . . . . . . . . . Melee 332 | . . . . . . . . . . . . . . . . . . . . . 84 104 124 11 9 Knockbacks 16 | . . 2 . . . . . . . . . . . . . 4 . 10 . . . . . . . Impact . | . . . . . . . . . . . . . . . . . . . . . . . . . . Kinetic 16 | . . 2 . . . . . . . . . . . . . 4 . 10 . . . . . . . Secondary . | . . . . . . . . . . . . . . . . . . . . . . . . . . Self-Inflicted Damage 98 | . . . . 20 . 17 . . . . . . . . 16 . . 45 . . . . . . . Shots 8 | . . . . 1 . 2 . . . . . . . . 1 . . 4 . . . . . . . Rammed . | . . . . . . . . . . . . . . . . . . . . . . . . . . Targets Rammed . | . . . . . . . . . . . . . . . . . . . . . . . . . . Kicked . | . . . . . . . . . . . . . . . . . . . . . . . . . . Crushed . | . . . . . . . . . . . . . . . . . . . . . . . . . . Highest Temperature 290 | . 20 247 156 216 15 192 229 50 18 290 250 22 7 34 9 267 156 259 . . 240 84 277 242 . Average Temperature 63 | . 13 60 54 42 5 53 58 16 13 62 62 8 7 10 9 113 34 70 . . 117 29 100 76 . Received Heat Transfer 2697 | . 24 48 45 297 189 414 168 24 . 15 39 27 9 9 . 126 51 702 27 78 18 78 30 252 27 Effects 6 | . . . . . . . . . . . . . . . . 3 . . . . . . 3 . . Energy Bleed 1 | . . . . . . . . . . . . . . . . 1 . . . . . . . . . Interference 5 | . . . . . . . . . . . . . . . . 2 . . . . . . 3 . . Siege Activations . | . . . . . . . . . . . . . . . . . . . . . . . . . . Robots Corrupted 5 | . . . . 2 1 . . 2 . . . . . . . . . . . . . . . . . Combat Hostiles 1 | . . . . . 1 . . . . . . . . . . . . . . . . . . . . Parts Fried 9 | . . 3 1 1 1 . 3 . . . . . . . . . . . . . . . . . . Impact Corruptions . | . . . . . . . . . . . . . . . . . . . . . . . . . . Robots Melted 1 | . . . . . . . . . . . . . . . . . . 1 . . . . . . . Combat Hostiles 1 | . . . . . . . . . . . . . . . . . . 1 . . . . . . . Parts Melted 7 | . . . . 2 . . 1 . . . . . . . . . . 4 . . . . . . . Heat Transferred 7009 | 25 425 1014 . 725 333 1272 325 37 . . 74 . . 37 . 481 148 1410 . . 333 . 148 222 . Parts Sabotaged . | . . . . . . . . . . . . . . . . . . . . . . . . . . Parts Stolen . | . . . . . . . . . . . . . . . . . . . . . . . . . . Parts Stripped . | . . . . . . . . . . . . . . . . . . . . . . . . . . Power Chain Reactions 6 | . . 2 . 4 . . . . . . . . . . . . . . . . . . . . . Missiles Intercepted . | . . . . . . . . . . . . . . . . . . . . . . . . . . Alert | -11 -10 -9 -8 -8 -8 -8 -7 -7 -7 -7 -6 -6 -5 -5 -5 -5 -4 -4 -4 -4 -3 -3 -2 -2 -1 ------- Run | Scr Mat Mat Mat Gar Mat Gar Fac Gar Fac Gar Fac Gar Fac Gar Fac Gar Fac Gar Fac Gar Res Gar Res Gar Acc Peak Influence 688 | 5 124 144 220 688 407 552 669 497 355 491 402 435 240 118 159 111 169 172 145 70 51 198 90 172 103 Initial 335 | . 3 47 60 143 335 30 289 76 260 248 256 235 228 . 61 111 55 . 90 . . 38 90 . 103 Average 165 | 1 72 72 152 434 326 319 348 329 281 392 272 369 182 45 76 43 82 72 56 25 9 107 21 60 24 Maximum Alert Level 2 | . . . 1 2 2 2 2 2 1 2 2 2 1 . . . . . . . . . . . . Low Security (%) 66 | 100 100 100 61 22 3 14 36 14 . . 14 . 25 100 100 100 100 100 100 100 100 100 100 100 100 Level 1 21 | . . . 38 17 85 53 24 52 100 56 82 74 74 . . . . . . . . . . . . Level 2 11 | . . . . 60 10 32 39 33 . 43 3 25 . . . . . . . . . . . . . Level 3 . | . . . . . . . . . . . . . . . . . . . . . . . . . . Level 4 . | . . . . . . . . . . . . . . . . . . . . . . . . . . Level 5 . | . . . . . . . . . . . . . . . . . . . . . . . . . . High Security . | . . . . . . . . . . . . . . . . . . . . . . . . . . Max Security . | . . . . . . . . . . . . . . . . . . . . . . . . . . Squads Dispatched 25 | . . . . . . . 3 . 2 . 2 . 1 . 3 . 1 . 3 . 2 . 2 . 6 Investigation 3 | . . . . . . . 1 . 1 . . . . . . . . . . . . . . . 1 Extermination 10 | . . . . . . . 2 . . . 1 . . . 1 . . . 2 . 1 . 2 . 1 Reinforcement 8 | . . . . . . . . . . . 1 . 1 . . . 1 . 1 . 1 . . . 3 Assault . | . . . . . . . . . . . . . . . . . . . . . . . . . . Garrison 4 | . . . . . . . . . 1 . . . . . 2 . . . . . . . . . 1 Intercept . | . . . . . . . . . . . . . . . . . . . . . . . . . . Construction Impeded 2 | . . . . . . . . . . . . . 1 . . . . . . . . . . . 1 Haulers Reinforced 2 | . . . . . . . . . . . 1 . . . . . . . . . 1 . . . . Alert ID Control Effect 151 | . . . . . . . . . . . . . 7 7 8 20 4 19 8 12 2 9 12 9 34 Stealth | -11 -10 -9 -8 -8 -8 -8 -7 -7 -7 -7 -6 -6 -5 -5 -5 -5 -4 -4 -4 -4 -3 -3 -2 -2 -1 --------- Run | Scr Mat Mat Mat Gar Mat Gar Fac Gar Fac Gar Fac Gar Fac Gar Fac Gar Fac Gar Fac Gar Res Gar Res Gar Acc Distress Signals 11 | . 1 2 1 . . . . . . . . . 1 . . 2 2 . . . . . . . 2 Communications Jammed 23 | . . . . . . . 18 . . . . . . . 1 . . . . . 4 . . . . Distress Signals 21 | . . . . . . . 18 . . . . . . . . . . . . . 3 . . . . Times Spotted 525 | . 12 21 6 25 9 34 33 23 5 24 24 13 3 23 6 32 17 52 14 22 11 32 18 30 36 Peak Tracking Total 12 | . 3 7 4 4 2 6 6 4 4 6 4 3 1 5 3 8 5 9 3 7 2 4 5 12 6 Tactical Retreats 24 | . 1 . . 5 1 4 2 1 . 1 . . . . . 2 . 2 . 1 . 1 1 1 1 Traps | -11 -10 -9 -8 -8 -8 -8 -7 -7 -7 -7 -6 -6 -5 -5 -5 -5 -4 -4 -4 -4 -3 -3 -2 -2 -1 ------- Run | Scr Mat Mat Mat Gar Mat Gar Fac Gar Fac Gar Fac Gar Fac Gar Fac Gar Fac Gar Fac Gar Res Gar Res Gar Acc Traps Triggered 78 | . 1 1 . 5 . 6 2 7 1 4 2 5 . 8 1 4 . 10 . 6 . 4 . 9 2 Indirectly . | . . . . . . . . . . . . . . . . . . . . . . . . . . Trap Hack Attempts . | . . . . . . . . . . . . . . . . . . . . . . . . . . Triggered . | . . . . . . . . . . . . . . . . . . . . . . . . . . Disarmed . | . . . . . . . . . . . . . . . . . . . . . . . . . . Reprogrammed . | . . . . . . . . . . . . . . . . . . . . . . . . . . Reused . | . . . . . . . . . . . . . . . . . . . . . . . . . . Traps Extracted . | . . . . . . . . . . . . . . . . . . . . . . . . . . Installed . | . . . . . . . . . . . . . . . . . . . . . . . . . . Triggered . | . . . . . . . . . . . . . . . . . . . . . . . . . . Machines | -11 -10 -9 -8 -8 -8 -8 -7 -7 -7 -7 -6 -6 -5 -5 -5 -5 -4 -4 -4 -4 -3 -3 -2 -2 -1 ---------- Run | Scr Mat Mat Mat Gar Mat Gar Fac Gar Fac Gar Fac Gar Fac Gar Fac Gar Fac Gar Fac Gar Res Gar Res Gar Acc Machines Disabled 60 | . . 1 . 3 1 4 2 3 . 3 . 3 . 4 5 3 . 6 1 3 . 7 1 5 5 Max in Single Turn 1 | . . 1 . 1 1 1 1 1 . 1 . 1 . 1 . 1 . 1 . 1 . 1 . 1 1 Garrison Access 2 | . . . . . . . . . . . . . . . . . . . . . . . . . 2 Garrison Relay 39 | . . . . 3 . 4 . 3 . 3 . 3 . 4 . 4 . 4 . 3 . 4 . 4 . Machines Sabotaged . | . . . . . . . . . . . . . . . . . . . . . . . . . . Garrisons Compromised . | . . . . . . . . . . . . . . . . . . . . . . . . . . Overloaded Fab Kills . | . . . . . . . . . . . . . . . . . . . . . . . . . . Fab Network Shutdowns 1 | . . . . . . . 1 . . . . . . . . . . . . . . . . . . Hacking | -11 -10 -9 -8 -8 -8 -8 -7 -7 -7 -7 -6 -6 -5 -5 -5 -5 -4 -4 -4 -4 -3 -3 -2 -2 -1 --------- Run | Scr Mat Mat Mat Gar Mat Gar Fac Gar Fac Gar Fac Gar Fac Gar Fac Gar Fac Gar Fac Gar Res Gar Res Gar Acc Machines Accessed 48 | . 4 8 2 . 3 . 8 . 1 . 4 . 2 . 1 . 2 . 5 . 1 . 1 . 6 Terminals 27 | . 4 5 1 . 2 . 4 . . . 2 . 1 . . . 1 . 3 . . . . . 4 Fabricators 3 | . . . . . . . 2 . . . . . . . . . . . 1 . . . . . . Repair Stations 1 | . . . . . . . 1 . . . . . . . . . . . . . . . . . . Recycling Units 2 | . . 2 . . . . . . . . . . . . . . . . . . . . . . . Scanalyzers 2 | . . 1 . . . . . . . . 1 . . . . . . . . . . . . . . Garrison Access 13 | . . . 1 . 1 . 1 . 1 . 1 . 1 . 1 . 1 . 1 . 1 . 1 . 2 Total Hacks 126 | . 9 39 3 . 14 . 25 . 1 . 8 . 2 . 1 . 3 . 11 . 1 . 1 . 8 Successful 79 | . 7 25 3 . 8 . 17 . 1 . 5 . 1 . 1 . 2 . 5 . 1 . 1 . 2 Failed 47 | . 2 14 . . 6 . 8 . . . 3 . 1 . . . 1 . 6 . . . . . 6 Catastrophic 12 | . 1 4 . . 2 . 3 . . . 1 . . . . . . . . . . . . . 1 Database Lockouts . | . . . . . . . . . . . . . . . . . . . . . . . . . . Manual 59 | . 3 21 2 . 6 . 10 . . . 4 . 1 . . . 2 . 7 . . . . . 3 Terminals 86 | . 9 27 2 . 13 . 14 . . . 4 . 1 . . . 2 . 8 . . . . . 6 Fabricators 10 | . . . . . . . 8 . . . . . . . . . . . 2 . . . . . . Repair Stations 2 | . . . . . . . 2 . . . . . . . . . . . . . . . . . . Recycling Units 2 | . . 2 . . . . . . . . . . . . . . . . . . . . . . . Scanalyzers 13 | . . 10 . . . . . . . . 3 . . . . . . . . . . . . . . Garrison Access 13 | . . . 1 . 1 . 1 . 1 . 1 . 1 . 1 . 1 . 1 . 1 . 1 . 2 Terminal Hacks 24 | . 6 7 1 . 4 . 5 . . . . . . . . . 1 . . . . . . . . Record 1 | . . 1 . . . . . . . . . . . . . . . . . . . . . . . Part Schematic 1 | . . . . . . . 1 . . . . . . . . . . . . . . . . . . Prototype ID Bank 2 | . 1 1 . . . . . . . . . . . . . . . . . . . . . . . Branch Access Points 1 | . 1 . . . . . . . . . . . . . . . . . . . . . . . . Terminal Index 5 | . . 1 1 . 1 . 1 . . . . . . . . . 1 . . . . . . . . Garrison Index 1 | . . 1 . . . . . . . . . . . . . . . . . . . . . . . Alert Level 2 | . 1 1 . . . . . . . . . . . . . . . . . . . . . . . Unreport Threat 5 | . . 1 . . 2 . 2 . . . . . . . . . . . . . . . . . . Locate Traps 1 | . 1 . . . . . . . . . . . . . . . . . . . . . . . . Zone Layout 5 | . 2 1 . . 1 . 1 . . . . . . . . . . . . . . . . . . Fabricator Hacks 8 | . . . . . . . 6 . . . . . . . . . . . 2 . . . . . . Load Schematic 3 | . . . . . . . 2 . . . . . . . . . . . 1 . . . . . . Build 5 | . . . . . . . 4 . . . . . . . . . . . 1 . . . . . . Repair Station Hacks 2 | . . . . . . . 2 . . . . . . . . . . . . . . . . . . Scan Component 1 | . . . . . . . 1 . . . . . . . . . . . . . . . . . . Repair 1 | . . . . . . . 1 . . . . . . . . . . . . . . . . . . Recycling Unit Hacks 1 | . . 1 . . . . . . . . . . . . . . . . . . . . . . . Retrieve Components 1 | . . 1 . . . . . . . . . . . . . . . . . . . . . . . Scanalyzer 13 | . . 10 . . . . . . . . 3 . . . . . . . . . . . . . . Insert Component 6 | . . 5 . . . . . . . . 1 . . . . . . . . . . . . . . Analyze 7 | . . 5 . . . . . . . . 2 . . . . . . . . . . . . . . Garrison Access Hacks 13 | . . . 1 . 1 . 1 . 1 . 1 . 1 . 1 . 1 . 1 . 1 . 1 . 2 Unlock Access 11 | . . . 1 . 1 . 1 . 1 . 1 . 1 . 1 . 1 . 1 . 1 . 1 . . Seal Access 2 | . . . . . . . . . . . . . . . . . . . . . . . . . 2 Unauthorized Hacks 18 | . 1 7 1 . 3 . 3 . . . 1 . . . . . . . 2 . . . . . . Terminals 18 | . 1 7 1 . 3 . 3 . . . 1 . . . . . . . 2 . . . . . . Track 6 | . 1 2 . . 1 . 1 . . . . . . . . . . . 1 . . . . . . Botnet 12 | . . 5 1 . 2 . 2 . . . 1 . . . . . . . 1 . . . . . . Fabricators . | . . . . . . . . . . . . . . . . . . . . . . . . . . Repair Stations . | . . . . . . . . . . . . . . . . . . . . . . . . . . Recycling Units . | . . . . . . . . . . . . . . . . . . . . . . . . . . Scanalyzers . | . . . . . . . . . . . . . . . . . . . . . . . . . . Garrison Access . | . . . . . . . . . . . . . . . . . . . . . . . . . . Data Cores Recovered . | . . . . . . . . . . . . . . . . . . . . . . . . . . Used . | . . . . . . . . . . . . . . . . . . . . . . . . . . Hacking Detections 39 | . 4 7 1 . 2 . 7 . . . 4 . 1 . 1 . 2 . 4 . 1 . 1 . 4 Full Trace Events 2 | . . 1 . . . . 1 . . . . . . . . . . . . . . . . . . Feedback Events 1 | . . . . . . . 1 . . . . . . . . . . . . . . . . . . Corruption 1 | . . . . . . . 1 . . . . . . . . . . . . . . . . . . Feedback Blocked . | . . . . . . . . . . . . . . . . . . . . . . . . . . Robot Schematics Acquired . | . . . . . . . . . . . . . . . . . . . . . . . . . . Robots Built . | . . . . . . . . . . . . . . . . . . . . . . . . . . Matter . | . . . . . . . . . . . . . . . . . . . . . . . . . . Time . | . . . . . . . . . . . . . . . . . . . . . . . . . . Total Robot Build Rating . | . . . . . . . . . . . . . . . . . . . . . . . . . . Part Schematics Acquired 7 | . . 5 . . . . 1 . . . 1 . . . . . . . . . . . . . . Parts Built 3 | . . . . . . . 2 . . . . . . . . . . . 1 . . . . . . Matter 438 | . . . . . . . 336 . . . . . . . . . . . 102 . . . . . . Time 135 | . . . . . . . 84 . . . . . . . . . . . 51 . . . . . . Total Part Build Rating 9 | . . . . . . . 8 . . . . . . . . . . . 1 . . . . . . Parts Repaired 1 | . . . . . . . 1 . . . . . . . . . . . . . . . . . . Time 32 | . . . . . . . 32 . . . . . . . . . . . . . . . . . . Parts Recycled . | . . . . . . . . . . . . . . . . . . . . . . . . . . Recycled Matter . | . . . . . . . . . . . . . . . . . . . . . . . . . . Retrieved Matter . | . . . . . . . . . . . . . . . . . . . . . . . . . . Retrieved Components 1 | . . 1 . . . . . . . . . . . . . . . . . . . . . . . Parts Scanalyzed 6 | . . 5 . . . . . . . . 1 . . . . . . . . . . . . . . Part Schematics Acquired 6 | . . 5 . . . . . . . . 1 . . . . . . . . . . . . . . Parts Damaged . | . . . . . . . . . . . . . . . . . . . . . . . . . . Bothacking | -11 -10 -9 -8 -8 -8 -8 -7 -7 -7 -7 -6 -6 -5 -5 -5 -5 -4 -4 -4 -4 -3 -3 -2 -2 -1 ------------ Run | Scr Mat Mat Mat Gar Mat Gar Fac Gar Fac Gar Fac Gar Fac Gar Fac Gar Fac Gar Fac Gar Res Gar Res Gar Acc Used RIF Installer 10 | . . . . 1 . 1 . 1 . 1 . 1 . 1 . 1 . 1 . 1 . 1 . . . Coupler Efficiency 1 | . . . . . . . . . . . . . . . . . . . . . . 1 . . . Hotswap 1 | . . . . . . . . 1 . . . . . . . . . . . . . . . . . Threat Obfuscator 1 | . . . . . . . . . . 1 . . . . . . . . . . . . . . . Robot Detection 1 | . . . . . . 1 . . . . . . . . . . . . . . . . . . . Patrol Navigation 1 | . . . . . . . . . . . . . . . . 1 . . . . . . . . . Watcher Feeds 1 | . . . . . . . . . . . . . . 1 . . . . . . . . . . . Alert ID Control 1 | . . . . . . . . . . . . 1 . . . . . . . . . . . . . Program Shield 1 | . . . . . . . . . . . . . . . . . . . . 1 . . . . . Crosswire 1 | . . . . . . . . . . . . . . . . . . 1 . . . . . . . Robots Hacked 246 | . . . . 2 3 10 10 10 . 11 12 10 1 20 1 19 10 21 7 16 5 18 13 22 25 Non-combat 19 | . . . . . . . 2 . . . 3 . 1 . . . 1 1 1 . 2 . 4 . 4 Combat 227 | . . . . 2 3 10 8 10 . 11 9 10 . 20 1 19 9 20 6 16 3 18 9 22 21 Robot Hacks Applied 250 | . . . . 2 3 10 11 10 . 11 12 10 1 20 1 19 11 21 8 16 5 18 13 22 26 parse_system 1 | . . . . . . . 1 . . . . . . . . . . . . . . . . . . deconstruct_machine 1 | . . . . . . . . . . . 1 . . . . . . . . . . . . . . drop_inventory 7 | . . . . . . . . . . . 2 . . . . . . . . . 1 . 3 . 1 locate_traps 1 | . . . . . . . . . . . . . . . . . 1 . . . . . . . . find_garrison 1 | . . . . . . . . . . . . . . . . . 1 . . . . . . . . scatter_targeting 3 | . . . . . . . . . . . . 1 . . . 1 . . . . . . . . 1 wipe_record 2 | . . . . . 1 . 1 . . . . . . . . . . . . . . . . . . disable_weapons 1 | . . . . . . . . . . . . . . . . . . . . . . . . . 1 reboot_system 3 | . . . . . 1 . . . . . . 1 . . . 1 . . . . . . . . . overwrite_iff 55 | . . . . . . 3 3 4 . 2 4 2 . 5 . 2 2 7 1 3 1 3 4 5 4 streamctrl_high 7 | . . . . . . 6 1 . . . . . . . . . . . . . . . . . . formatsys_low 6 | . . . . . . . . . . . . . . . . . 1 . 1 . 1 . 1 . 2 formatsys_high 162 | . . . . 2 1 1 5 6 . 9 5 6 1 15 1 15 6 14 6 13 2 15 5 17 17 Relay Couplers Released 157 | . . . . 10 . 16 . 12 . 14 . 12 . 17 . 16 . 14 . 12 . 18 . 16 . Machine Destruction 157 | . . . . 10 . 16 . 12 . 14 . 12 . 17 . 16 . 14 . 12 . 18 . 16 . Attached 50 | . . . . 1 1 5 6 3 . 3 6 1 1 4 . 1 2 2 . . 4 3 . 3 4 Crosswired 31 | . . . . . . . . . . . . . . . . . . 12 . 6 . 4 . 9 . Robots Rewired 6 | . . . . . . . . . . . . . . . . . . 6 . . . . . . . Allies Hacked 1 | . . . . . . . . . . . . . . . . . . . 1 . . . . . . Hacks Repelled . | . . . . . . . . . . . . . . . . . . . . . . . . . . Allies | -11 -10 -9 -8 -8 -8 -8 -7 -7 -7 -7 -6 -6 -5 -5 -5 -5 -4 -4 -4 -4 -3 -3 -2 -2 -1 -------- Run | Scr Mat Mat Mat Gar Mat Gar Fac Gar Fac Gar Fac Gar Fac Gar Fac Gar Fac Gar Fac Gar Res Gar Res Gar Acc Total Allies 233 | . . . . 2 1 10 8 10 . 11 9 8 1 20 1 17 9 27 7 16 4 18 10 22 22 Largest Group 15 | . . . . 1 1 2 2 3 3 4 5 6 6 11 11 10 8 11 15 10 5 8 8 8 9 Highest-Rated Group 670 | . . . . 16 15 32 64 70 64 112 185 168 168 451 451 284 206 418 538 440 240 342 390 444 670 Highest-Rated Ally 213 | . . . . 16 15 16 32 38 32 34 81 41 32 81 76 49 56 115 49 58 58 64 69 64 213 Total Orders 80 | . . . . . . . . . . . . . . 11 3 10 4 12 6 . 10 7 3 5 9 STAY 40 | . . . . . . . . . . . . . . 5 1 6 2 7 4 . 2 3 2 3 5 ROAM 1 | . . . . . . . . . . . . . . 1 . . . . . . . . . . . FOLLOW 33 | . . . . . . . . . . . . . . 5 2 4 2 5 2 . 2 4 1 2 4 EXPLORE 4 | . . . . . . . . . . . . . . . . . . . . . 4 . . . . RETURN 2 | . . . . . . . . . . . . . . . . . . . . . 2 . . . . Ally Attacks 1278 | . . . . 33 . 29 33 35 18 42 76 32 52 55 34 101 31 134 60 113 35 65 74 67 159 Total Damage 37369 | . . . . 347 . 386 435 816 369 1160 2308 650 947 1178 1769 2233 617 3237 1700 3141 717 1885 1818 2355 9301 Kills 251 | . . . . 4 . 3 4 16 3 15 19 7 7 10 13 21 11 24 8 13 3 10 13 9 38 Allies Corrupted 9 | . . . . . . . . . . . 1 . . . . . . . . . . . 1 4 3 Allies Melted 2 | . . . . . . 1 . . . . . . . . . . 1 . . . . . . . . Intel | -11 -10 -9 -8 -8 -8 -8 -7 -7 -7 -7 -6 -6 -5 -5 -5 -5 -4 -4 -4 -4 -3 -3 -2 -2 -1 ------- Run | Scr Mat Mat Mat Gar Mat Gar Fac Gar Fac Gar Fac Gar Fac Gar Fac Gar Fac Gar Fac Gar Res Gar Res Gar Acc Robot Analysis Total . | . . . . . . . . . . . . . . . . . . . . . . . . . . Derelict Logs Recovered . | . . . . . . . . . . . . . . . . . . . . . . . . . . Drone Launches 4 | . . . . . . . . . . . . . . . . . . . . . 4 . . . . Drone Recoveries 4 | . . . . . . . . . . . . . . . . . . . . . 4 . . . . Exploration | -11 -10 -9 -8 -8 -8 -8 -7 -7 -7 -7 -6 -6 -5 -5 -5 -5 -4 -4 -4 -4 -3 -3 -2 -2 -1 ------------- Run | Scr Mat Mat Mat Gar Mat Gar Fac Gar Fac Gar Fac Gar Fac Gar Fac Gar Fac Gar Fac Gar Res Gar Res Gar Acc Turns Passed 20915 | 54 609 791 331 835 415 1369 1645 895 300 677 907 680 490 977 357 1238 410 1495 891 987 632 1047 780 1148 955 Spaces Moved 10988 | 42 428 527 213 446 215 553 885 476 188 364 544 384 316 536 209 614 199 676 507 524 296 481 402 514 449 Core 4 | 4 . . . . . . . . . . . . . . . . . . . . . . . . . Treads . | . . . . . . . . . . . . . . . . . . . . . . . . . . Legs . | . . . . . . . . . . . . . . . . . . . . . . . . . . Wheels 10984 | 38 428 527 213 446 215 553 885 476 188 364 544 384 316 536 209 614 199 676 507 524 296 481 402 514 449 Hover . | . . . . . . . . . . . . . . . . . . . . . . . . . . Flight . | . . . . . . . . . . . . . . . . . . . . . . . . . . Fastest Speed 50 | 50 80 110 110 120 130 140 150 150 150 150 150 150 150 150 160 160 150 140 150 160 160 160 160 160 170 Average Speed 148 | 79 109 112 119 125 131 149 152 150 150 150 150 150 150 151 160 160 159 151 150 160 160 160 160 168 170 Slowest Speed 210 | 100 110 120 120 130 140 150 210 150 150 150 150 150 150 160 160 160 160 160 150 160 160 160 160 170 170 Overloaded Moves . | . . . . . . . . . . . . . . . . . . . . . . . . . . Propulsion Burnouts . | . . . . . . . . . . . . . . . . . . . . . . . . . . Robots Hopped . | . . . . . . . . . . . . . . . . . . . . . . . . . . Cave-ins Triggered . | . . . . . . . . . . . . . . . . . . . . . . . . . . Exploration Rate (%) 40 | 3 59 47 20 67 23 74 23 78 10 68 16 60 7 76 7 76 10 78 9 69 15 61 13 78 18 Regions Visited 25 Branch Regions . Pre-discovered Areas . | . . . . . . . . . . . . . . . . . . . . . . . . . . Known Exits Taken 11 | . . . 1 . 1 . 1 . 1 . 1 . 1 . 1 . 1 . 1 . 1 . 1 . . Unknown Exits Taken 3 | 1 1 1 . . . . . . . . . . . . . . . . . . . . . . . Scrap Searched . | . . . . . . . . . . . . . . . . . . . . . . . . . . Spaces Dug 14 | . 1 . . . . . . . 5 . . . . . 5 . . . . 2 . . . . 1 Terrain Destroyed 93 | . 1 8 . 23 . 4 1 . 5 . 3 . . . 5 1 2 31 . 3 3 1 . 1 1 Melee 1 | . . . . . . . . . . . . . . . . . . . . . . . . . 1 Projectile 25 | . 1 . . . . . 1 . . . 3 . . . . 1 . 11 . 3 3 1 . 1 . AOE 67 | . . 8 . 23 . 4 . . 5 . . . . . 5 . 2 20 . . . . . . . Terrain Rammed . | . . . . . . . . . . . . . . . . . . . . . . . . . . Walls Destroyed . | . . . . . . . . . . . . . . . . . . . . . . . . . . Machines Disabled . | . . . . . . . . . . . . . . . . . . . . . . . . . . Actions | -11 -10 -9 -8 -8 -8 -8 -7 -7 -7 -7 -6 -6 -5 -5 -5 -5 -4 -4 -4 -4 -3 -3 -2 -2 -1 --------- Run | Scr Mat Mat Mat Gar Mat Gar Fac Gar Fac Gar Fac Gar Fac Gar Fac Gar Fac Gar Fac Gar Res Gar Res Gar Acc Total 14262 | 55 510 624 256 632 298 870 1098 631 205 476 608 476 333 683 229 795 271 968 625 651 398 685 523 745 617 Wait 872 | . 31 6 6 43 36 74 88 22 5 30 2 13 2 24 8 28 32 43 81 22 28 55 70 39 84 Move 10970 | 41 427 526 213 445 215 552 885 475 188 363 543 383 316 535 208 613 198 675 507 523 296 480 402 513 448 Hop . | . . . . . . . . . . . . . . . . . . . . . . . . . . Pick Up 345 | 6 16 14 8 28 5 28 19 17 2 12 11 9 5 15 2 15 2 30 5 24 12 19 6 24 11 Fast Attach 41 | 6 1 . . 1 2 . 6 1 1 . 3 . 1 . 2 2 . 5 1 . 3 1 2 3 . Attach 95 | . . 6 5 5 2 9 10 . . 2 2 . 2 1 . 2 4 12 . 3 8 4 4 8 6 Detach 5 | . . . . . . . . . . . 1 . . . . 1 . . . . . . 2 1 . Swap 184 | . 3 3 5 11 7 18 13 10 2 7 13 2 1 4 3 8 3 14 2 5 10 14 4 13 9 Drop 180 | . 3 10 3 20 5 13 10 14 5 4 6 3 5 3 3 11 . 4 6 12 8 12 3 13 4 Fire 938 | 2 29 59 16 52 23 114 53 36 2 26 25 21 1 31 3 81 32 119 21 33 22 35 26 31 45 Melee 111 | . . . . 3 3 14 5 . . . 2 . . . . . . 5 . 3 10 32 3 22 9 Ram . | . . . . . . . . . . . . . . . . . . . . . . . . . . Kick . | . . . . . . . . . . . . . . . . . . . . . . . . . . Crush . | . . . . . . . . . . . . . . . . . . . . . . . . . . Escape Stasis 499 | . . . . 24 . 48 8 56 . 32 . 45 . 69 . 32 . 60 . 23 . 30 . 72 . Rewire 22 | . . . . . . . 1 . . . . . . 1 . 2 . 1 2 3 1 3 1 6 1 Trap . | . . . . . . . . . . . . . . . . . . . . . . . . . . Miscellaneous . | . . . . . . . . . . . . . . . . . . . . . . . . . . Route ------- -11/Scrapyard -10/Materials (discovered 3 exits: *Mat / *Min x2) -9/Materials (discovered 2 exits: *Mat / [*Min]) -8/Materials (discovered 2 exits: *Fac / Gar) -8/Garrison (discovered 2 exits: *Mat x2) -8/Materials -8/Garrison (discovered 3 exits: *Fac x3) -7/Factory (discovered 2 exits: *Fac / Gar) -7/Garrison (discovered 3 exits: *Fac x3) -7/Factory -7/Garrison (discovered 2 exits: *Fac x2) -6/Factory -6/Garrison (discovered 2 exits: *Fac x2) -5/Factory -5/Garrison (discovered 2 exits: *Fac x2) -5/Factory -5/Garrison (discovered 3 exits: *Fac x3) -4/Factory -4/Garrison (discovered 3 exits: *Fac x3) -4/Factory (discovered 2 exits: *Res / Gar) -4/Garrison (discovered 3 exits: *Res x3) -3/Research -3/Garrison (discovered 2 exits: *Res x2) -2/Research -2/Garrison (discovered 3 exits: *Acc x3) -1/Access To Epsilon Eridani History --------- Turn | Location | Event 19 | -11/Scrapyard | Discovered new exit (range 16) 55 | -11/Scrapyard | Entered Materials 93 | -10/Materials | Identified exit to Mines 279 | -10/Materials | Discovered new exit (range 8) 367 | -10/Materials | Build established: Hauler-Mutant 664 | -10/Materials | Entered another Materials area 664 | -9/Materials | Evolved 2 slots: Utility x2 775 | -9/Materials | Discovered new exit (range 15) 894 | -9/Materials | Discovered new exit (range 15) 1228 | -9/Materials | Lost 3 parts (1p1n1w) 1455 | -9/Materials | Entered another Materials area 1455 | -8/Materials | Evolved 2 slots: Utility x2 1706 | -8/Materials | Discovered new exit (range 9) 1780 | -8/Materials | Identified exit to Garrison 1786 | -8/Materials | Entered Garrison 1792 | -8/Garrison | Installed Relay Interface Framework 1892 | -8/Garrison | Garrison Relay disabled 1920 | -8/Garrison | Triggered checkpoint 2040 | -8/Garrison | Triggered checkpoint 2060 | -8/Garrison | Triggered checkpoint 2115 | -8/Garrison | Triggered checkpoint 2168 | -8/Garrison | Triggered checkpoint 2188 | -8/Garrison | Garrison Relay disabled 2264 | -8/Garrison | Discovered new exit (range 14) 2327 | -8/Garrison | Triggered checkpoint 2370 | -8/Garrison | Lost 3 parts (3w) 2422 | -8/Garrison | Discovered new exit (range 11) 2494 | -8/Garrison | Build established: Bothacker-Mutant 2505 | -8/Garrison | Triggered checkpoint 2569 | -8/Garrison | Garrison Relay disabled 2621 | -8/Garrison | Entered Materials 3036 | -8/Materials | Identified exit to Garrison 3036 | -8/Materials | Entered Garrison 3092 | -8/Garrison | Triggered checkpoint 3144 | -8/Garrison | Garrison Relay disabled 3260 | -8/Garrison | Triggered checkpoint 3376 | -8/Garrison | Discovered new exit (range 11) 3398 | -8/Garrison | Triggered checkpoint 3446 | -8/Garrison | Garrison Relay disabled 3513 | -8/Garrison | Expanded RIF knowledge: Robot Detection 3566 | -8/Garrison | Triggered checkpoint 3574 | -8/Garrison | Core integrity fell below 50% 3684 | -8/Garrison | Triggered checkpoint 3942 | -8/Garrison | Triggered checkpoint 4029 | -8/Garrison | Garrison Relay disabled 4076 | -8/Garrison | Discovered new exit (range 13) 4264 | -8/Garrison | Triggered checkpoint 4299 | -8/Garrison | Garrison Relay disabled 4357 | -8/Garrison | Discovered new exit (range 14) 4405 | -8/Garrison | Entered Factory 4405 | -7/Factory | Evolved 2 slots: Utility x2 4614 | -7/Factory | Discovered new exit (range 15) 4904 | -7/Factory | Build established: Hauler-Mutant 5094 | -7/Factory | Fabricated Remote Datajack (x1) 5105 | -7/Factory | Local fabrication network quarantined 5137 | -7/Factory | Fabricated Remote Datajack? 5405 | -7/Factory | Build established: Bothacker-Mutant 5419 | -7/Factory | Repaired Arm. Wheel? 6050 | -7/Factory | Identified exit to Garrison 6050 | -7/Factory | Entered Garrison 6050 | -7/Garrison | Accompanied by 1 ally 6058 | -7/Garrison | Expanded RIF knowledge: Hotswap 6124 | -7/Garrison | Triggered checkpoint 6133 | -7/Garrison | Triggered checkpoint 6178 | -7/Garrison | Triggered checkpoint 6252 | -7/Garrison | Triggered checkpoint 6345 | -7/Garrison | Discovered new exit (range 8) 6400 | -7/Garrison | Triggered checkpoint 6441 | -7/Garrison | Garrison Relay disabled 6622 | -7/Garrison | Triggered checkpoint 6648 | -7/Garrison | Garrison Relay disabled 6694 | -7/Garrison | Discovered new exit (range 8) 6805 | -7/Garrison | Discovered new exit (range 12) 6850 | -7/Garrison | Triggered checkpoint 6866 | -7/Garrison | Garrison Relay disabled 6945 | -7/Garrison | Entered Factory 6945 | -7/Factory | Accompanied by 3 allies 7153 | -7/Factory | Garrison activated, responded to threat 7240 | -7/Factory | Identified exit to Garrison 7245 | -7/Factory | Entered Garrison 7245 | -7/Garrison | Accompanied by 2 allies 7253 | -7/Garrison | Expanded RIF knowledge: Threat Obfuscation 7316 | -7/Garrison | Triggered checkpoint 7331 | -7/Garrison | Garrison Relay disabled 7422 | -7/Garrison | Triggered checkpoint 7429 | -7/Garrison | Triggered checkpoint 7464 | -7/Garrison | Triggered checkpoint 7485 | -7/Garrison | Triggered checkpoint 7541 | -7/Garrison | Build established: Botlord-Mutant 7588 | -7/Garrison | Discovered new exit (range 8) 7626 | -7/Garrison | Triggered checkpoint 7660 | -7/Garrison | Garrison Relay disabled 7782 | -7/Garrison | Discovered new exit (range 9) 7830 | -7/Garrison | Triggered checkpoint 7856 | -7/Garrison | Garrison Relay disabled 7922 | -7/Garrison | Entered Factory 7922 | -6/Factory | Accompanied by 2 allies 7922 | -6/Factory | Evolved 2 slots: Utility x2 8193 | -6/Factory | Spotted B-75 Beast 8196 | -6/Factory | Assimilated Beast 5a with formatsys_high 8357 | -6/Factory | P-60 Hacker assimilated allied Guardian 5a 8677 | -6/Factory | Found Exp. Signal Interpreter 8792 | -6/Factory | Identified exit to Garrison 8829 | -6/Factory | Entered Garrison 8829 | -6/Garrison | Accompanied by 3 allies 8874 | -6/Garrison | Triggered checkpoint 8899 | -6/Garrison | Garrison Relay disabled 8963 | -6/Garrison | Triggered checkpoint 8976 | -6/Garrison | Triggered checkpoint 9006 | -6/Garrison | Triggered checkpoint 9032 | -6/Garrison | Triggered checkpoint 9086 | -6/Garrison | Triggered checkpoint 9090 | -6/Garrison | Triggered checkpoint 9124 | -6/Garrison | Garrison Relay disabled 9169 | -6/Garrison | Discovered new exit (range 10) 9345 | -6/Garrison | Garrison Relay disabled 9384 | -6/Garrison | Discovered new exit (range 10) 9405 | -6/Garrison | Expanded RIF knowledge: Alert ID Control 9509 | -6/Garrison | Entered Factory 9509 | -5/Factory | Accompanied by 6 allies 9509 | -5/Factory | Evolved 2 slots: Utility x2 9999 | -5/Factory | Identified exit to Garrison 9999 | -5/Factory | Entered Garrison 9999 | -5/Garrison | Accompanied by 3 allies 10050 | -5/Garrison | Triggered checkpoint 10078 | -5/Garrison | Garrison Relay disabled 10166 | -5/Garrison | Triggered checkpoint 10219 | -5/Garrison | Spotted B-75 Beast 10227 | -5/Garrison | Assimilated Beast 6a with formatsys_high 10244 | -5/Garrison | Triggered checkpoint 10250 | -5/Garrison | Triggered checkpoint 10290 | -5/Garrison | Triggered checkpoint 10360 | -5/Garrison | Triggered checkpoint 10378 | -5/Garrison | Garrison Relay disabled 10431 | -5/Garrison | Discovered new exit (range 8) 10450 | -5/Garrison | Expanded RIF knowledge: Patrol Navigation 10622 | -5/Garrison | Triggered checkpoint 10652 | -5/Garrison | Garrison Relay disabled 10836 | -5/Garrison | Triggered checkpoint 10843 | -5/Garrison | Discovered new exit (range 15) 10884 | -5/Garrison | Triggered checkpoint 10895 | -5/Garrison | Garrison Relay disabled 10976 | -5/Garrison | Entered Factory 10976 | -5/Factory | Accompanied by 11 allies 11287 | -5/Factory | Identified exit to Garrison 11333 | -5/Factory | Entered Garrison 11333 | -5/Garrison | Accompanied by 3 allies 11374 | -5/Garrison | Triggered checkpoint 11416 | -5/Garrison | Triggered checkpoint 11444 | -5/Garrison | Garrison Relay disabled 11522 | -5/Garrison | Triggered checkpoint 11549 | -5/Garrison | Triggered checkpoint 11604 | -5/Garrison | Triggered checkpoint 11716 | -5/Garrison | Triggered checkpoint 11802 | -5/Garrison | Triggered checkpoint 11809 | -5/Garrison | Garrison Relay disabled 11969 | -5/Garrison | Discovered new exit (range 8) 11990 | -5/Garrison | Expanded RIF knowledge: Watcher Feeds 12121 | -5/Garrison | Discovered new exit (range 10) 12242 | -5/Garrison | Discovered new exit (range 14) 12254 | -5/Garrison | Triggered checkpoint 12306 | -5/Garrison | Garrison Relay disabled 12472 | -5/Garrison | Triggered checkpoint 12492 | -5/Garrison | Garrison Relay disabled 12571 | -5/Garrison | Entered Factory 12571 | -4/Factory | Accompanied by 5 allies 12571 | -4/Factory | Evolved 2 slots: Utility x2 12975 | -4/Factory | Identified exit to Garrison 12981 | -4/Factory | Entered Garrison 12981 | -4/Garrison | Accompanied by 2 allies 13000 | -4/Garrison | Triggered checkpoint 13060 | -4/Garrison | Triggered checkpoint 13131 | -4/Garrison | Lost 3 parts (2u1w) 13150 | -4/Garrison | Garrison Relay disabled 13290 | -4/Garrison | Triggered checkpoint 13300 | -4/Garrison | Triggered checkpoint 13306 | -4/Garrison | Spotted B-86 Titan 13404 | -4/Garrison | Lost 5 parts (1n3u1w) 13562 | -4/Garrison | Triggered checkpoint 13563 | -4/Garrison | Triggered checkpoint 13621 | -4/Garrison | Lost 3 parts (3u) 13662 | -4/Garrison | Triggered checkpoint 13666 | -4/Garrison | Discovered new exit (range 15) 13699 | -4/Garrison | Expanded RIF knowledge: Crosswire 13768 | -4/Garrison | Triggered checkpoint 13780 | -4/Garrison | Garrison Relay disabled 14080 | -4/Garrison | Discovered new exit (range 13) 14098 | -4/Garrison | Triggered checkpoint 14175 | -4/Garrison | Garrison Relay disabled 14332 | -4/Garrison | Triggered checkpoint 14406 | -4/Garrison | Garrison Relay disabled 14450 | -4/Garrison | Discovered new exit (range 10) 14476 | -4/Garrison | Entered Factory 14476 | -4/Factory | Accompanied by 10 allies 14594 | -4/Factory | Fabricated Hcp. Storage Unit (x1) 14695 | -4/Factory | Discovered new exit (range 4) 14844 | -4/Factory | P-70 Sage assimilated allied Veteran 7e 15367 | -4/Factory | Identified exit to Garrison 15367 | -4/Factory | Entered Garrison 15367 | -4/Garrison | Accompanied by 7 allies 15378 | -4/Garrison | Expanded RIF knowledge: Program Shield 15422 | -4/Garrison | Garrison Relay disabled 15436 | -4/Garrison | Triggered checkpoint 15518 | -4/Garrison | Spotted B-86 Titan 15519 | -4/Garrison | Triggered checkpoint 15528 | -4/Garrison | Triggered checkpoint 15537 | -4/Garrison | Triggered checkpoint 15539 | -4/Garrison | Triggered checkpoint 15572 | -4/Garrison | Allies destroyed B-86 Titan 15796 | -4/Garrison | Triggered checkpoint 15817 | -4/Garrison | Garrison Relay disabled 15856 | -4/Garrison | Discovered new exit (range 14) 16016 | -4/Garrison | Discovered new exit (range 13) 16030 | -4/Garrison | Triggered checkpoint 16067 | -4/Garrison | Garrison Relay disabled 16232 | -4/Garrison | Triggered checkpoint 16274 | -4/Garrison | Discovered new exit (range 15) 16354 | -4/Garrison | Entered Research 16354 | -3/Research | Accompanied by 5 allies 16354 | -3/Research | Evolved 2 slots: Utility x2 16674 | -3/Research | Lost 3 parts (1p1u1w) 16986 | -3/Research | Identified exit to Garrison 16986 | -3/Research | Entered Garrison 17016 | -3/Garrison | Triggered checkpoint 17108 | -3/Garrison | Garrison Relay disabled 17185 | -3/Garrison | Triggered checkpoint 17232 | -3/Garrison | Triggered checkpoint 17260 | -3/Garrison | Triggered checkpoint 17306 | -3/Garrison | Triggered checkpoint 17411 | -3/Garrison | Discovered new exit (range 10) 17433 | -3/Garrison | Expanded RIF knowledge: Coupler Efficiency 17616 | -3/Garrison | Triggered checkpoint 17705 | -3/Garrison | Garrison Relay disabled 17896 | -3/Garrison | Triggered checkpoint 17913 | -3/Garrison | Garrison Relay disabled 18002 | -3/Garrison | Discovered new exit (range 15) 18033 | -3/Garrison | Entered Research 18033 | -2/Research | Accompanied by 5 allies 18033 | -2/Research | Evolved 2 slots: Utility x2 18740 | -2/Research | Spotted B-90 Cyclops 18809 | -2/Research | Identified exit to Garrison 18813 | -2/Research | Entered Garrison 18813 | -2/Garrison | Accompanied by 2 allies 18836 | -2/Garrison | Triggered checkpoint 18852 | -2/Garrison | Garrison Relay disabled 18947 | -2/Garrison | Spotted B-90 Cyclops 19034 | -2/Garrison | Lost 5 parts (1p1n2u1w) 19159 | -2/Garrison | Destroyed B-90 Cyclops 19252 | -2/Garrison | Triggered checkpoint 19267 | -2/Garrison | Found Quantum Capacitor 19319 | -2/Garrison | Discovered new exit (range 8) 19380 | -2/Garrison | Triggered checkpoint 19473 | -2/Garrison | Garrison Relay disabled 19565 | -2/Garrison | Triggered checkpoint 19647 | -2/Garrison | Discovered new exit (range 9) 19680 | -2/Garrison | Triggered checkpoint 19702 | -2/Garrison | Garrison Relay disabled 19834 | -2/Garrison | Triggered checkpoint 19877 | -2/Garrison | Garrison Relay disabled 19933 | -2/Garrison | Discovered new exit (range 15) 19956 | -2/Garrison | Identified exit to Access 19961 | -2/Garrison | Entered Access 19961 | -1/Access | Accompanied by 8 allies 19961 | -1/Access | Evolved 2 slots: Utility x2 20046 | -1/Access | Garrison activated, responded to threat 20845 | -1/Access | Spotted B-99 Colossus 20848 | -1/Access | Assimilated Colossus 10a with formatsys_high 20854 | -1/Access | Spotted B-99 Colossus 20879 | -1/Access | Destroyed B-99 Colossus 20906 | -1/Access | Discovered new exit (range 5) 20911 | -1/Access | Identified exit to Surface 20916 | *** | Escaped! Last Messages --------------- 20858_ Jacked B-99 Colossus... >>disable_weapons Deactivating 4 weapon systems. 20858_ Slug penetrates B-99 Colossus. 20862_ Slug penetrates Reinforced Barrier. 20865_ Slug penetrates B-99 Colossus. 20865_ B-99 Colossus suffers critical hit. 20867_ Slug penetrates B-99 Colossus. 20876_ B-99 Colossus suffers critical hit. 20876_ Slug penetrates B-99 Colossus. 20877_ Destroyed Hvy. Insulated Plating. 20879_ Slug penetrates B-99 Colossus. 20879_ B-99 Colossus destroyed. 20889_ Sealed Heavy Doors breached. 20906_ Main Access Shell breached. 20906_ EXIT=FOUND 20911_ EXIT=IDENTIFIED: SURFACE [Achievement: 30k Club] [Achievement: 40k Club] [Achievement: Inspector Gadget] Map ----- +----------------------------------------------------+ | " # #######????????????????????# #????????? | | """ # +????????????????????# +????????? | | """ # #####+###????????????# +????????? | | " # ##! #????????????# #????????? | | # ############## #????????? | | + #????????? | | " # = #????????? | | """ # ############## #????????? | | """ ########## #???####?????# #????????? | | " #????????###/####???# ????# #????????? | | #????????? ?????? ???# #????????? | | #??????? ???? ??# #????????? | | #??????# " #??? " ?#= #????????? | | #??????# """ #??? """ #! #????????? | | #########??????# """ #??# """ #!=#????????? | | ???????????????# " #??# " +!=#????????? | | ########???????# #??# #]*#????????? | | #???????# #??# ?# #????????? | | #???????###########??#######??# #????????? | | #?????????????????????????????# #????????? | | #?#########??##########"####### #????????? | | #?# """" " #????????? | | "T"" ### % " #????????? | | "" " #"# """" Y""""" " #????????? | | gg g "??" "gg "??" #????????? | | g "??" "l"@ "??" #????????? | | "??" " "" "??" #????????? | | ### "??" " "??" #????????? | | ######+### "??" """"""??" #????????? | | ! =! # "??" ???????"""" """ #????????? | | = # "??" ???????""""T""" #????????? | | #########??###???????"####### #????????? | | ] ! = #???????????????????????????# #????????? | | #???Y???????????????????????# ########## | | "" "" #???????????????????????????# #! | | ""R"" #???????????????????????????#% # ! | | """" #?????##########????????????# +%[ | | ##########?????# #????????????# # !! | | ???????????????# #????????????# #%! | | ???????????????# #????????????# #== | | ???????????????# ############## # | | ???????????????# # ## # %= | | ???????????????# # ## # | | ??????????#+##?# # ## # | | ??????????# ?# + ## # | | ??????????# # # ## # | | ????# !### ######+### ==! ## ########## | | ????+ #?# =! ## #????????? | | ????# ############ #?# =! ## #????????? | | ???????????????????# #?# ! ## #????????? | +----------------------------------------------------+ Best States ------------- Heat Dissipation 157 Coolant Potential 100 Energy Generation 25 Energy Capacity 690 Matter Stores 300 Matter Capacity 300 Sight Range 16 Robot Scan Range 10 Terrain Scan Density 10 Jamming Range 12 Armor Coverage 1500 Core Shielding 40 Phase Shifting 15 Evasion (%) 55 Targeting Accuracy 6 Offensive Hacking 10 Defensive Hacking 14 Relay Coupler Types 141 Relay Coupler Value 8 Item Schematics ----------------- Grenade Launcher | -9/Materials | Scanalyzed Hrd. Medium Armor Plating | -9/Materials | Scanalyzed Hcp. Storage Unit | -9/Materials | Scanalyzed Wheel | -9/Materials | Scanalyzed Lrg. Storage Unit | -9/Materials | Scanalyzed Remote Datajack | -7/Factory | Hacked Arm. Huge Wheel | -6/Factory | Scanalyzed Robot Schematics ------------------ None Fabricated ------------ Remote Datajack | x1 | -7/Factory Remote Datajack | x1 | -7/Factory Hcp. Storage Unit | x1 | -4/Factory Alien Tech Used ----------------- None Achievements -------------- 30k Club 40k Club Beloved Generalissimo Infiltrator Inspector Gadget Knowing Is Half The Battle No Signal Packrat Pwned Tank Challenges ------------ None Game ------ Seed MassChipJammer Manual? 0 Play Time 05:59:55 Cumulative 52.5 hours Start 2020.10.06 @ 22:28:14 End 2020.10.09 @ 17:59:59 Sessions 13 Manual Loads 0 Difficulty Rogue Special Mode None Game No. 32 Rogue 32 Adventurer 0 Explorer 0 Win Type 0 Total 4 Types 4/0/0/0/0/0/0/0/0 Lore% 24 Gallery% 42 Achievement% 38 Wizard Run 0 Options --------- ASCII 0 Keyboard 0 Movement Numpad Keybinds 0 Fullscreen 2 Font 24/Smallcaps Map View 76x50 Tactical HUD 1 Map Filters NONE Filters NONE Steam 1 RUN: ccef0e45-d9ef-4c7c-addc-b761d6fd471e